 Dungeon Crawl Stone Soup version 0.27-a0-926-g0e6d912 (webtiles) character file.

Game seed: 17022256903013544982

129 Nithhogg the Skirmisher (level 4, -1/37 HPs)
             Began as a Demonspawn Fighter on Apr 9, 2021.
             Killed by divine providence
             ... invoked by an orc priest
              (13 damage)
             ... on level 3 of the Dungeon.
             The game lasted 00:03:01 (2594 turns).

Nithhogg the Skirmisher (Demonspawn Fighter)        Turns: 2594, Time: 00:03:02

Health: -1/37      AC:  6    Str: 17    XL:     4   Next: 88%
Magic:  3/3        EV: 11    Int:  9    God:
Gold:   123        SH: 10    Dex: 15    Spells: 3/3 levels left

rFire    + . .     SeeInvis .   a - +0 long sword
rCold    . . .     Faith    .   c - +1 kite shield
rNeg     . . .     Spirit   .   b - +0 scale mail
rPois    .         Reflect  .   (no helmet)
rElec    .         Harm     .   (no cloak)
rCorr    .         Rampage  .   (no gloves)
Will     .....                  (no boots)
Stlth    +.........             (no amulet)
HPRegen  0.12/turn              h - +4 ring of evasion
MPRegen  0.16/turn              (no ring)

@: no status effects
A: thin skeletal structure 1, magic regeneration, hooves 1, fire resistance 1,
low mp 1
a: no special abilities


You were on level 3 of the Dungeon.
You visited 1 branch of the dungeon, and saw 3 of its levels.

You collected 123 gold pieces.

Inventory:

Hand Weapons
 a - a +0 long sword (weapon)
Armour
 b - a +0 scale mail (worn)
 c - a +1 kite shield (worn)
Jewellery
 h - a +4 ring of evasion (left hand)
Wands
 f - a wand of random effects (12)
Scrolls
 d - a scroll of teleportation
 i - a scroll of amnesia
 j - a scroll of acquirement
Potions
 e - a potion of lignification {unknown}
 g - a potion of curing
 m - a potion of attraction {unknown}
 n - 2 potions of haste {unknown}
 p - a potion of ambrosia {unknown}


   Skills:
 + Level 3.8 Fighting
 + Level 2.7 Long Blades
 + Level 3.4 Armour
 + Level 3.4 Shields


You had 3 spell levels left.
You didn't know any spells.
Your spell library contained the following spells:

 Spells                   Type           Power      Damage    Failure   Level
 Magic Dart               Conj           0%         1d3       99%         1
 Blink                    Tloc           N/A        N/A       100%        2
 Call Imp                 Summ           0%         N/A       100%        2
 Slow                     Hex            0%         N/A       100%        2
 Conjure Flame            Conj/Fire      0%         6-21      100%        3
 Mephitic Cloud           Conj/Pois/Air  0%         N/A       100%        3


Dungeon Overview and Level Annotations

Branches:
Dungeon (3/15)

Altars:

Shops:
D:2 ?

Annotations:
D:3 1 runed translucent door, Minkie's ghost, amateur MiGl


Innate Abilities, Weirdness & Mutations

You have a somewhat thin skeletal structure. (Dex +2, Stealth)
You regenerate magic rapidly.
You have large cloven feet.
Your flesh is heat resistant. (rF+)
Your magical capacity is low. (-10% MP)


Message History

An orc comes into view. It is wielding a +0 flail.
The orc shouts!
An orc comes into view. It is wielding a +0 club.
There are monsters nearby!
An orc priest comes into view. It is wielding a +0 dagger.
The orc priest shouts!
The orc hits you with a +0 flail.
You barely miss the orc. You kick the orc.
The orc is moderately wounded.
The orc priest mumbles some strange prayers to Beogh against you.
Beogh smites you! The orc closely misses you.
You riposte.
You barely miss the orc. Your kick misses the orc.
The orc is moderately wounded.
You block the orc's attack.
The orc priest casts a cantrip, but nothing happens.
You are too injured to fight recklessly!
You are too injured to fight recklessly!
You are too injured to fight recklessly!
You are too injured to fight recklessly!
You are too injured to fight recklessly!
You are too injured to fight recklessly!
You are too injured to fight recklessly!
You are too injured to fight recklessly!
You are too injured to fight recklessly!
You are too injured to fight recklessly!
There is an open door here.
You feel better.
You barely miss the orc. You kick the orc.
The orc is almost dead.
The orc hits you with a +0 club.
The orc priest calls down the wrath of Beogh upon you.
Beogh smites you!
You hit the orc.
You kill the orc!
You hit the orc. You kick the orc, but do no damage.
The orc is moderately wounded.
The orc closely misses you.
The orc priest calls down the wrath of Beogh upon you.
Beogh smites you!
You die...

#.# *,#.#*,* *,* #.# *,#.#*,* *,*
#.####### *,#.##+####**,*
#.#.....# *,#........**,,
######.#.###.# *,#........****
#....#.#.....# ##+#........*
...#.#.#.....#####.......###*****
...#.#÷#.#...##.##...........,,,,
...'............@oo.....#########
+###.#.#.#...##.##.............(.
[W##.#.#.#...##..#...............
8♣##.#.#.#...##..###.............
####.#.#.#..(##...###+###........
...#.#.#.....##.#.###.###........
........................+........
#.......<.......#..##.#.#........
####.#######.#..##.##.#+#........


You could see an orc priest and an orc.

Vanquished Creatures
  Terence (D:2)
  Robin (D:2)
  2 adders
  A worm (D:2)
  3 dart slugs
  2 orcs (D:3)
  5 ball pythons
  7 endoplasms
  3 giant cockroaches
  11 goblins
  8 hobgoblins
  4 quokkas
  3 bats (D:3)
  5 frilled lizards
  3 kobolds
  6 rats
65 creatures vanquished.

Notes
Turn   | Place    | Note
-------+----------+-------------------------------------------
     0 | D:1      | Nithhogg the Demonspawn Fighter began the quest for the
                  | Orb.
     0 | D:1      | Reached XP level 1. HP: 18/18 MP: 1/1
   126 | D:1      | Gained mutation: You regenerate magic rapidly. [demonic
                  | ancestry]
   126 | D:1      | Reached XP level 2. HP: 24/24 MP: 2/2
   721 | D:2      | Found Uvviloin's Magic Scroll Emporium.
   744 | D:2      | Reached XP level 3. HP: 15/29 MP: 3/3
  1285 | D:2      | Noticed Robin
  1299 | D:2      | Gained mutation: You sometimes lose the ability to read
                  | scrolls when taking damage. [potion of mutation]
  1299 | D:2      | Gained mutation: You are partially covered in large bone
                  | plates. (SH +4) [potion of mutation]
  1299 | D:2      | Gained mutation: You are somewhat resistant to further
                  | mutation. [potion of mutation]
  1318 | D:2      | Killed Robin
  1319 | D:2      | Gained mutation: You have a somewhat thin skeletal
                  | structure. (Dex +2, Stealth) [demonic ancestry]
  1319 | D:2      | Reached XP level 4. HP: 3/35 MP: 4/4
  1324 | D:2      | Lost mutation: You sometimes lose the ability to read
                  | scrolls when taking damage. [potion of mutation]
  1324 | D:2      | Lost mutation: You are somewhat resistant to further
                  | mutation. [potion of mutation]
  1324 | D:2      | Lost mutation: You are partially covered in large bone
                  | plates. (SH +4) [potion of mutation]
  1324 | D:2      | Gained mutation: You have large cloven feet. [potion of
                  | mutation]
  1324 | D:2      | Gained mutation: Your magical capacity is low. (-10% MP)
                  | [potion of mutation]
  1324 | D:2      | Gained mutation: Your flesh is heat resistant. (rF+)
                  | [potion of mutation]
  1713 | D:2      | Noticed Terence
  1721 | D:2      | Killed Terence
  2053 | D:3      | Found a faded altar of an unknown god.
  2273 | D:3      | Identified a scroll of acquirement
  2431 | D:3      | Found a runed translucent door.
  2431 | D:3      | Noticed Minkie's ghost (amateur MiGl)
  2594 | D:3      | Killed from afar by an orc priest

Illustrated notes

Levels and vault maps discovered:
D:1:      denvon_arrival_waterhouse, layout_rooms
D:2:      layout_loops_ring, serial_shops, nicolae_shop_crystal, uniq_terence,
          uniq_robin
D:3:      corexii_shack_village, layout_basic,
          hellmonk_ecumenical_altar_arch_garden, gammafunk_ghost_grave

Skill      XL: |  1  2 |
---------------+-------+-----
Long Blades    | 2 |  2.7
Armour         | 3 |  3.4
Shields        | 3 |  3.4
Fighting       | |  3.8

Action                   |  1- 3 |  4- 6 || total
-------------------------+-------+-------++-------
Melee: Long sword        |   110 |    48 ||   158
       Kick              |       |    17 ||    17
  Use: Potion            |     4 |     2 ||     6
       Scroll            |       |     6 ||     6
Armor: Scale mail        |    54 |     9 ||    63
Dodge: Dodged            |    46 |    27 ||    73
Block: Kite shield       |    74 |    30 ||   104
       Rpst.: Long sword |    13 |     7 ||    20

Table legend: (Time is in decaauts)
 A = Elapsed time spent in this place.
 B = Non-inter-level travel time spent in this place.
 C = Inter-level travel time spent in this place.
 D = Time resting spent in this place.
 E = Time spent auto-exploring this place.
 F = Levels seen in this place.
 G = Mean time per level.
                   A        B        C        D        E       F      G
               +--------+--------+--------+--------+--------+-----+--------+
         Total |   2677 |   2626 |     51 |      0 |   2201 |   3 |  892.3 |
       Dungeon |   2677 |   2626 |     51 |      0 |   2201 |   3 |  892.3 |
               +--------+--------+--------+--------+--------+-----+--------+

Top non-repeatable levels by time:
     D:2: 1507 daAuts
     D:3: 652 daAuts
     D:1: 517 daAuts
